lixian, chaotic female human Rogue ------------ ##...........| # |..`.......| ------### |....<.[...| ---------- |[.[..####+..........| |....>...| |....|# --.--------- ##.........|############-.[..| ---------------- # |........|# |.{>.| |...............##########|........|# ----+- |...^..........| # |.........# |..III.........+ ----------# |[.............| ### ---------------- ### lixian the Rogue Experience level: 6 Strength: 11 Dexterity: 18 Constitution: 16 Intelligence: 12 Wisdom: 11 Charisma: 8 Health: 0(43) Energy: 28(28) Def: 9 Gold: 0 Moves: 2716 Dungeon seed: YOakzttxN8ZRj2RW Game ID: lixian_1534768088 Your Inventory: Weapons a - an uncursed +0 dagger named Sharptooth (weapon in hand) b - 10 uncursed +0 daggers (in quiver) l - 18 uncursed +0 darts E - an uncursed +0 dwarvish mattock F - 6 uncursed +0 daggers I - 4 blessed +1 daggers P - 4 blessed +0 daggers Armor e - an uncursed +1 leather armor (being worn) q - an uncursed +0 dwarvish iron helm (being worn) y - an uncursed +0 pair of iron shoes (being worn) z - an uncursed +0 dwarvish cloak (being worn) N - an uncursed +1 orcish shield (being worn) Comestibles o - 2 uncursed eggs p - an uncursed fortune cookie Z - an uncursed food ration Tools k - an uncursed lock pick B - an uncursed sack H - an uncursed blindfold L - 5 uncursed wax candles (0:400) M - 5 cursed tallow candles (0:200) Q - an uncursed tallow candle (0:200) S - an uncursed tin whistle Gems n - an uncursed worthless piece of violet glass R - an uncursed worthless piece of blue glass Y - an uncursed worthless piece of green glass Contents of the sack: 588 gold pieces an uncursed +0 short sword an uncursed scroll of confuse monster an uncursed scroll of create monster an uncursed scroll of destroy armor a cursed scroll of light an uncursed scroll of remove curse a blessed scroll of teleportation an uncursed scroll of teleportation an uncursed spellbook of detect unseen a blessed potion of see invisible 2 uncursed potions of see invisible an uncursed potion of sickness an uncursed potion of water an uncursed wand of undead turning (0:2) Spells and supernatural/magical abilities: Name Level Category Fail Memory W - pray for help -- divine ? -- Your skills at the end: Fighting Skills Weapon Skills dagger [Skilled] short sword [Basic] Spellcasting Skills Final Attributes: You were piously aligned. You were blinded. You were stealthy. You are dead. Vanquished creatures: a gnome king an imp 10 Mordor orcs 2 gnome lords a golden naga hatchling 3 dwarves a giant bat an iguana an acid blob 2 hobbits 5 giant rats 2 yellow molds 7 gnomes 2 gnome zombies 5 geckos 10 jackals a fox 3 kobolds 2 goblins 2 sewer rats 5 grid bugs 2 bats 3 lichens a kobold zombie 5 newts 78 creatures vanquished. Voluntary challenges: You used a wielded weapon 109 times, starting on turn 116. You read items or engraved 87 times, starting on turn 1885. You never genocided any monsters. You never polymorphed an object. You never changed form. You used no wishes. You never split a pudding. You wrote Elbereth's name 83 times, starting on turn 1885. You never violated your personal moral code. Dungeon overview: The Dungeons of Doom: levels 1 to 5 Level 1 an altar to Kos, some fountains a long staircase Level 2 a weapon shop Level 3 a general store Level 4 <- You were here a fountain stairs to The Gnomish Mines Level 5 The Gnomish Mines: levels 5 to 6 Level 5 stairs to The Dungeons of Doom Level 6 History has recorded: On T:1 you entered the Dungeons of Doom to retrieve the Amulet of Yendor! On T:388 you advanced to experience level 2. On T:809 you reached level 2 of The Dungeons of Doom. On T:1023 you reached level 3 of The Dungeons of Doom. On T:1264 you advanced to experience level 3. On T:1641 you reached level 4 of The Dungeons of Doom. On T:1884 you reached level 1 of The Gnomish Mines. On T:1891 you advanced to experience level 4. On T:2037 you advanced to experience level 5. On T:2289 you advanced to experience level 6. On T:2655 you reached level 5 of The Dungeons of Doom. Score breakdown: Gold: 588 ( 9422 points) Experience: 6 levels (12456 points) Exploration: 6 levels ( 12.24%) ( 9682 points) Discoveries: 3 items ( 1.01%) ( 3010 points) Valuables value: (no points given unless you survive) Artifact value: 0 ( 0 points) Variety of kills: 25 monsters ( 6.56%) ( 7684 points) Turncount: 2716 turns ( -453 points) Survival: died (score multiplied by 80%) Total score: 33440 Latest messages: You have a little trouble lifting Z - a food ration. You are momentarily blinded by a flash of light! It misses. It hits! It bites! (2x) It misses. (2x) It bites! You hit it. It hits! It bites! (2x) It just misses! It bites! It misses. You hit it. It hits! (2x) It misses. It just misses! It hits! It misses. (2x) You write in the dust with your fingers. It hits! You die... Final status: Goodbye lixian the Rogue, killed by a human zombie... You died in The Dungeons of Doom on dungeon level 4 with 33440 points, and 588 pieces of gold, after 2716 moves. You were level 6 with a maximum of 43 hit points when you died.